 Dungeon Crawl Stone Soup version 0.28.0-47-ge53b351184 (webtiles) character file.

Game seed: 11738254168286463760

131 bobregger the Cudgeller (level 5, -7/81 HPs)
             Began as an Ogre Berserker on May 5, 2022.
             Was a Believer of Trog.
             Mangled by Eustachio
             ... wielding a +0 rapier
              (12 damage)
             ... on level 3 of the Dungeon.
             The game lasted 00:03:28 (3555 turns).

bobregger the Cudgeller (Ogre Berserker)            Turns: 3555, Time: 00:03:29

Health: -7/81      AC:  3    Str: 21    XL:     5   Next: 14%
Magic:  5/5        EV: 10    Int:  8    God:    Trog [**....]
Gold:   119        SH:  0    Dex: 10    Spells: 4/4 levels left

rFire   . . .      SeeInvis .   a - +0 mace
rCold   . . .      Faith    .   (no shield)
rNeg    . . .      Spirit   .   b - +0 animal skin
rPois   .          Reflect  .   (helmet restricted)
rElec   .          Harm     .   (no cloak)
rCorr   .          Rampage  .   (gloves unavailable)
Will    .....                   (boots unavailable)
Stlth   ..........              (no amulet)
HPRegen 0.23/turn               (no ring)
MPRegen 0.09/turn               (no ring)

@: berserking, very quick
A: large, unfitting armour, tough skin 1
a: Renounce Religion, Berserk, Trog's Hand


You were on level 3 of the Dungeon.
You worshipped Trog.
Trog was pleased with you.
You visited 1 branch of the dungeon, and saw 4 of its levels.

You collected 119 gold pieces.

Inventory:

Hand Weapons
 a - a +0 mace (weapon)
Armour
 b - a +0 animal skin (worn)
Jewellery
 f - a ring of see invisible
Wands
 r - a wand of acid (8)
Scrolls
 c - a scroll of brand weapon {unknown}
 e - a scroll of magic mapping {unknown}
 g - 3 scrolls of blinking {unknown}
 i - a scroll of fear {unknown}
 j - 2 scrolls of enchant weapon {unknown}
 l - a scroll of teleportation {unknown}
 p - 3 scrolls of identify {unknown}
Potions
 d - a potion of flight {unknown}
 h - a potion of invisibility {unknown}
 k - a potion of degeneration {unknown}
 m - a potion of attraction {unknown}
 n - a potion of lignification {unknown}
 o - 2 potions of mutation {unknown}
 q - 2 potions of haste {unknown}
 s - 2 potions of curing {unknown}


   Skills:
 - Level 4.0 Fighting
 + Level 5.2 Maces & Flails
 - Level 2.6 Dodging


You had 4 spell levels left.
You didn't know any spells.
Your spell library was empty.

Dungeon Overview and Level Annotations

Branches:
Dungeon (4/15)
 Temple: D:4-7

Altars:
Sif Muna
Vehumet

Shops:
D:1 [

Annotations:
D:3 Eustachio


Innate Abilities, Weirdness & Mutations

You are too large for most types of armour.
You have tough skin. (AC +1)


Message History

Eustachio casts a spell.
The shadow imp hits you.
You hit Eustachio.
Eustachio is severely wounded.
Eustachio hits you with a +0 rapier. The shadow imp hits you.
The white imp closely misses you.
You hit Eustachio but do no damage.
Eustachio is severely wounded.
Eustachio casts a spell.
Eustachio blinks!
The shadow imp hits you.
The white imp hits you but does no damage.
The shadow imp hits you. The shadow imp closely misses you.
A red film seems to cover your vision as you go berserk!
You feel yourself moving faster!
You feel mighty! The shadow imp gestures at you.
You struggle to resist.
The shadow imp hits you. The white imp hits you. The white imp freezes you.
Eustachio hits you with a +0 rapier!
* * * LOW HITPOINT WARNING * * *
You hit Eustachio but do no damage.
Eustachio is severely wounded.
The shadow imp closely misses you. The shadow imp hits you.
* * * LOW HITPOINT WARNING * * *
The white imp hits you.
* * * LOW HITPOINT WARNING * * *
The white imp freezes you.
* * * LOW HITPOINT WARNING * * *
You hit Eustachio.
Eustachio is almost dead.
Eustachio growls, "To hell with you, honourless miscreant!"
Eustachio gestures wildly while chanting.
The shadow imp hits you.
* * * LOW HITPOINT WARNING * * *
You hit Eustachio.
Eustachio is almost dead.
The shadow imp closely misses you. The white imp hits you.
* * * LOW HITPOINT WARNING * * *
The white imp freezes you.
* * * LOW HITPOINT WARNING * * *
Eustachio hits you with a +0 rapier!
You die...

...#.#.#.......#.#+......########
..#.#.#.#......+#.#.............#
.#.#.#.#+<.....#.#.#+#+#........#
#.#.#.#.#......+#.#.#.#'........'
.#.#.#.#.......#.#+#.#'#........#
#.#.#.#.#.#+#'#.....#...........#
.#.#.#.#.#.#.#+.....+...........#
#.#.#.#.#.#.#.#.@.:.#...........#
.#.#.#.#.#.#.#.5@...'...........#
..#.#.#...#....55.r##...........#
#.#.#.#####.##.#..>##...........#
..#.#.#.....##.##..##(...########
..#...#.####<#(# #.##....#
#.#..##.####.#.# #..#....#
..#.....#..#.#.# #.#.....#
.....#..#..#...# #.##.####
+###....#..#######.####


You could see Eustachio, a white imp (summoned), 2 shadow imps and a quokka
(summoned).

Vanquished Creatures
  A jelly (D:2)
  Ijyb (D:3)
  3 adders
  A worm (D:2)
  2 dart slugs
  An orc (D:3)
  2 endoplasms (D:2)
  4 giant cockroaches
  5 goblins
  5 hobgoblins
  2 quokkas (D:1)
  3 ball pythons (D:2)
  7 bats
  2 kobolds (D:1)
  4 rats
43 creatures vanquished.

Notes
Turn   | Place    | Note
-------+----------+-------------------------------------------
     0 | D:1      | bobregger the Ogre Berserker began the quest for the Orb.
     0 | D:1      | Reached XP level 1. HP: 24/24 MP: 1/1
    39 | D:1      | Found Secwa's Armour Boutique.
   249 | D:1      | Reached skill level 3 in Maces & Flails
   506 | D:1      | Found a faded altar of an unknown god.
   527 | D:1      | Reached XP level 2. HP: 27/32 MP: 2/2
  1637 | D:2      | Reached XP level 3. HP: 6/39 MP: 3/3
  1917 | D:2      | Reached skill level 4 in Maces & Flails
  2687 | D:2      | Reached XP level 4. HP: 48/48 MP: 4/4
  2944 | D:3      | Found a shimmering blue altar of Sif Muna.
  2944 | D:3      | Found a radiant altar of Vehumet.
  3014 | D:3      | Reached ** piety under Trog
  3138 | D:3      | Noticed Ijyb
  3150 | D:3      | Killed Ijyb
  3151 | D:3      | Reached skill level 5 in Maces & Flails
  3151 | D:3      | Reached XP level 5. HP: 52/54 MP: 5/5
  3479 | D:4      | Noticed Eustachio
  3555 | D:3      | Mangled by Eustachio

Illustrated notes

Levels and vault maps discovered:
D:1:      shiori_arrival_oz, layout_loops_corners,
          shapermc_ecumenical_altar_mp_highgroup, serial_shops,
          nicolae_shop_advertising_works [nicolae_subvault_shop_adworks],
          minmay_pentomino_s4
D:2:      layout_loops_ring
D:3:      layout_basic, gammafunk_temple_overflow_wave, uniq_ijyb
D:4:      layout_layer_cave, uniq_duvessa, uniq_natasha, uniq_eustachio

Skill      XL: |  1  2  3  4 |
---------------+-------------+-----
Maces & Flails | 3 4 5 |  5.2
Fighting       | |  4.0
Dodging        | |  2.6

Action                   |  1- 3 |  4- 6 || total
-------------------------+-------+-------++-------
Melee: Mace              |   112 |    48 ||   160
       Punch             |     1 |       ||     1
Invok: Berserk           |     2 |     2 ||     4
 Stab: Sleeping          |     2 |       ||     2
Armor: Animal skin       |    59 |     7 ||    66
Dodge: Dodged            |    84 |    29 ||   113
